 Dungeon Crawl Stone Soup version 0.29-a0-509-g793eeb5391 (webtiles) character file.

Game seed: 15880101741754425579

6670 Morbidden the Destroyer (level 11, -4/70 HPs)
             Began as an Octopode Conjurer on May 29, 2022.
             Was an Elder of Cheibriados.
             Slain by a vault guard
             ... wielding a +0 broad axe
              (12 damage)
             ... in a bailey.
             The game lasted 00:22:03 (11107 turns).

Morbidden the Destroyer (Octopode Conjurer)        Turns: 11107, Time: 00:22:04

Health: -4/70      AC:  5    Str: 14 (15) XL:     11   Next: 3%
Magic:  15/32      EV: 15    Int: 32 (35) God:    Cheibriados [****..]
Gold:   306        SH:  0    Dex: 16 (19) Spells: 10/26 levels left

rFire   . . .      SeeInvis .     - Unarmed
rCold   . . .      Faith    .   (no shield)
rNeg    . . .      Spirit   .   (helmet restricted)
rPois   .          Reflect  .   u - amulet of regeneration
rElec   .          Harm     .   c - +4 ring of protection
rCorr   +          Rampage  .   a - ring of magical power
Will    ++...                   p - ring of flight
Stlth   +++++.....              h - ring of Hucuxt {Will+ rCorr}
HPRegen 1.01/turn               (no ring)
MPRegen 0.23/turn               (no ring)
                                (no ring)
                                (no ring)

@: flying, very slow
A: almost no armour, amphibious, 8 rings, camouflage 1, gelatinous body 1,
nimble swimmer 1, tentacles, tentacle spike 2, strong-willed 1
a: Renounce Religion, Bend Time, Temporal Distortion, Slouch


You were in a bailey.
You worshipped Cheibriados.
Cheibriados was greatly pleased with you.
You visited 2 branches of the dungeon, and saw 10 of its levels.
You also visited: Bailey.

You collected 336 gold pieces.
You spent 30 gold pieces at shops.

Inventory:

Jewellery
 a - a ring of magical power (right tentacle)
 c - a +4 ring of protection (left tentacle)
 h - the ring of Hucuxt (on tentacle) {Will+ rCorr}
   (You acquired it on level 8 of the Dungeon)

   [ring of willpower]

   rCorr:     It protects you from acid and corrosion.
   Will:      It increases your willpower.
 p - a ring of flight (on tentacle)
 u - an amulet of regeneration (around mantle)
 E - a ring of ice
 F - a ring of ice
Wands
 m - a wand of iceblast (11)
 s - a wand of flame (30)
 y - a wand of paralysis (6)
Scrolls
 b - a scroll of enchant weapon
 e - 7 scrolls of identify
 g - 2 scrolls of blinking
 j - 2 scrolls of fog
 k - 5 scrolls of noise
 l - 2 scrolls of teleportation
Potions
 f - a potion of curing
 o - 2 potions of degeneration
 q - 3 potions of attraction
 t - a potion of haste {unknown}
 v - a potion of resistance
 w - 2 potions of lignification
 z - a potion of heal wounds {unknown}
 A - a potion of ambrosia {unknown}
 B - a potion of brilliance {unknown}
 C - a potion of might {unknown}


   Skills:
 * Level 4.6 Fighting
 * Level 4.7 Dodging
 + Level 4.5 Stealth
 * Level 4.6 Unarmed Combat
 * Level 8.3 Spellcasting
 * Level 9.8 Conjurations
 + Level 2.3 Hexes
 * Level 3.8 Translocations
 * Level 1.8 Transmutations
 * Level 3.8 Invocations


You had 10 spell levels left.
You knew the following spells:

 Your Spells              Type           Power      Damage    Failure   Level
a - Magic Dart            Conj           100%       1d8       1%          1
b - Searing Ray           Conj           100%       2d8       1%          2
c - Irradiate             Conj/Tmut      25%        3d21      10%         5
x - Fulminant Prism       Conj/Hex       25%        3d14      3%          4
z - Iskenderun's Mystic   Conj/Tloc      55%        2d12      2%          4

Your spell library contained the following spells:

 Spells                   Type           Power      Damage    Failure   Level
 Foxfire                  Conj/Fire      100%       2x1d9     1%          1
 Dazzling Flash           Conj/Hex       100%       N/A       1%          3
 Blade Hands              Tmut           12%        N/A       43%         5
 Dragon Form              Tmut           12%        N/A       100%        7


Dungeon Overview and Level Annotations

Branches:
Dungeon (9/15)             Temple (1/1) D:4            Lair (0/6) D:8
 Bailey (1/1)
    Orc: D:9-12

Altars:
Ashenzari
Cheibriados
Dithmenos
Elyvilon
Gozag
Hepliaklqana
Kikubaaqudgha
Makhleb
Nemelex Xobeh
Okawaru
Qazlal
Trog
Uskayaw
Wu Jian
Xom
Yredelemnul
Zin
The Shining One

Shops:
D:2 ?(   D:3 (   D:6 *

Annotations:
D:4 Dowan, Duvessa


Innate Abilities, Weirdness & Mutations

You cannot wear most types of armour.
You are amphibious.
You can wear up to eight rings at the same time.
Your skin changes colour to match your surroundings (Stealth+).
Your rubbery body absorbs attacks. (AC +1, EV +1)
You are camouflaged when in or above water. (Stealth+)
You have tentacles for arms and can constrict up to eight enemies at once.
One of your tentacles bears a nasty spike.
You are strong-willed. (Will+)


Message History

Press: ? - help, Shift-Dir - straight line, f - vault guard
Aim: a vault guard, wielding a +0 broad axe and wearing a +0 chain mail (lightly wounded, 64% to hit)
Okay, then.
Aiming: Paralyse
Press: ? - help, Shift-Dir - straight line, f - vault guard
Aim: a vault guard, wielding a +0 broad axe and wearing a +0 chain mail (lightly wounded, chance to affect: 17%)
The vault guard resists with almost no effort.
The vault guard hits you with a +0 broad axe.
* * * LOW HITPOINT WARNING * * *
Unknown command.
Unknown command.
Aiming: Iceblast
Press: ? - help, Shift-Dir - straight line, p - vault guard The mass of ice explodes!
The iceblast engulfs the vault guard!
The vault guard is lightly wounded.
You hear a shout!
The vault guard hits you with a +0 broad axe!
* * * LOW HITPOINT WARNING * * *
Unknown command.
Unknown command.
Unknown command.
Unknown command.
You feel better.
The vault guard hits you with a +0 broad axe.
* * * LOW HITPOINT WARNING * * *
Unknown command.
Unknown command.
Unknown command.
Your magical effects are unravelling.
You feel magically purged.
You feel less wooden.
Your resistance to elements expires.
The vault guard misses you.
You feel less attractive to monsters.
Unknown command.
Unknown command.
Unknown command.
It was a potion of mutation.
You feel extremely strange.
One of your lower tentacles grows a sharp spike.
You feel strong-willed.
Your tentacle spike grows bigger.
The vault guard hits you with a +0 broad axe!
You die...

### ## ##≈## #≈##
##≈≈≈##+##≈≈≈##
#≈≈†)†...≈.≈≈≈#
##.........≈≈≈≈##
#.≈≈≈≈......≈≈≈≈#
#+###≈≈..≈..≈≈≈≈#
#..@##≈≈≈..≈≈≈≈≈#
#≈p†≈#≈≈≈..≈≈≈≈≈#
##≈..##≈≈...≈≈≈≈#
#≈..?#≈≈).≈≈≈≈##
##≈..#≈≈.≈≈≈≈≈#
#####≈p.≈##≈##
#≈≈†.≈# ##
#≈≈..≈#..
###'###..##


You could see a vault guard.

Vanquished Creatures
  Pikel (D:4)
  2 hornets (D:8)
  Grinder (Temple)
  Prince Ribbit (Bailey)
  A yak (D:8)
  A shadow (D:9)
  Sigmund (D:4)
  Eustachio (D:5)
  3 humans (Bailey)
  A steam dragon (D:7)
  Edmund (D:5)
  A water moccasin (D:6)
  A sky beast (D:6)
  A black bear (D:6)
  4 ice beasts
  An orc warrior (D:8)
  2 ogres (D:5)
  A phantom (D:6)
  2 centaurs
  3 kobold brigands
  9 bullfrogs
  2 necrophages (D:5)
  Blork the orc (D:4)
  4 scorpions
  5 wights
  7 killer bees
  An electric eel (D:8)
  3 howler monkeys
  3 hounds
  2 jellies
  3 orc priests
  Natasha (thrice) (D:3)
  4 iguanas
  5 orc wizards
  Robin (D:3)
  5 gnolls
  9 adders
  A white imp (D:6)
  3 ufetubi
  A worm (D:2)
  A dart slug (D:4)
  30 orcs
  10 ball pythons
  7 endoplasms
  A giant cockroach (D:4)
  26 goblins
  7 hobgoblins
  4 jackals (D:5)
  2 quokkas
  3 bats
  5 frilled lizards
  17 kobolds
  6 rats
221 creatures vanquished.

Vanquished Creatures (collateral kills)
  3 wights (D:9)
  A howler monkey (D:9)
  An orc priest (D:9)
  3 orc wizards (D:9)
  4 orcs (D:9)
12 creatures vanquished.

Vanquished Creatures (others)
  14 fulminant prisms
14 creatures vanquished.

Grand Total: 247 creatures vanquished

Notes
Turn   | Place    | Note
-------+----------+-------------------------------------------
     0 | D:1      | Morbidden the Octopode Conjurer began the quest for the
                  | Orb.
     0 | D:1      | Reached XP level 1. HP: 11/11 MP: 3/3
   265 | D:1      | Reached XP level 2. HP: 17/17 MP: 3/5
   651 | D:1      | Learned a level 2 spell: Searing Ray
   836 | D:1      | Found a faded altar of an unknown god.
   845 | D:1      | Got Plato's Incunabulum of the Arsonist
   945 | D:2      | Found Daginn's Magic Scroll Boutique.
  1001 | D:2      | Bought a scroll of teleportation for 30 gold pieces
  1024 | D:2      | Reached XP level 3. HP: 13/22 MP: 3/6
  1304 | D:2      | Reached skill level 1 in Unarmed Combat
  1359 | D:2      | Found Qott's Antique Weapon Emporium.
  1625 | D:2      | Reached XP level 4. HP: 27/27 MP: 7/7
  1908 | D:2      | Found a stormy altar of Qazlal.
  2139 | D:3      | Noticed Robin
  2461 | D:3      | Reached skill level 1 in Fighting
  2534 | D:3      | Killed Robin
  2583 | D:3      | Identified the +4 dagger of Execution {speed, rPois rN+}
  2641 | D:3      | Found an ancient bone altar of Kikubaaqudgha.
  2658 | D:3      | Reached skill level 5 in Conjurations
  2658 | D:3      | Reached XP level 5. HP: 33/33 MP: 8/8
  2798 | D:3      | Noticed Natasha
  2804 | D:3      | Killed Natasha
  2942 | D:3      | Noticed Natasha
  2946 | D:3      | Killed Natasha
  3127 | D:3      | Noticed Natasha
  3131 | D:3      | Killed Natasha
  3132 | D:3      | Reached XP level 6. HP: 38/38 MP: 10/10
  3199 | D:3      | Found Gogak's Antique Weapon Shop.
  3262 | D:3      | Found a glowing silver altar of Zin.
  3263 | D:3      | Noticed an angel
  3385 | D:3      | Identified the +0 ring mail of Beastly Wonder {rElec Dex-3
                  | SInv}
  3863 | D:4      | Found a hide-covered altar of Uskayaw.
  3919 | D:4      | Noticed Blork the orc
  3929 | D:4      | Killed Blork the orc
  3930 | D:4      | Reached skill level 6 in Conjurations
  3930 | D:4      | Reached XP level 7. HP: 45/45 MP: 11/12
  3934 | D:4      | Identified the +0 shadow dragon scales "Dottejoro" {Str+2
                  | Stlth++++}
  3955 | D:4      | Noticed Pikel
  4020 | D:4      | Killed Pikel
  4021 | D:4      | Reached XP level 8. HP: 21/51 MP: 3/15
  4230 | D:4      | Noticed Sigmund
  4242 | D:4      | Killed Sigmund
  4243 | D:4      | Reached skill level 5 in Spellcasting
  4243 | D:4      | Reached skill level 7 in Conjurations
  4363 | D:4      | Found a staircase to the Ecumenical Temple.
  4373 | Temple   | Entered the Ecumenical Temple
  4379 | Temple   | Became a worshipper of Cheibriados the Contemplative
  4392 | D:4      | Learned a level 4 spell: Iskenderun's Mystic Blast
  4393 | D:4      | Noticed Grinder
  4403 | D:4      | Paralysed by Grinder for 3 turns
  4411 | Temple   | Killed Grinder
  4710 | D:4      | Noticed Duvessa
  4710 | D:4      | Noticed Dowan
  5178 | D:5      | Entered Level 5 of the Dungeon
  5295 | D:5      | Reached skill level 1 in Translocations
  5598 | D:5      | Reached skill level 1 in Invocations
  5713 | D:5      | Reached * piety under Cheibriados
  5780 | D:5      | Reached XP level 9. HP: 56/56 MP: 18/18
  5999 | D:5      | Noticed Edmund
  6028 | D:5      | Killed Edmund
  6208 | D:5      | Learned a level 4 spell: Fulminant Prism
  6358 | D:5      | Noticed Eustachio
  6364 | D:5      | Killed Eustachio
  6951 | D:6      | Reached skill level 1 in Hexes
  7159 | D:6      | Reached skill level 8 in Conjurations
  7245 | D:6      | Reached ** piety under Cheibriados
  7526 | D:6      | Found Jiewkir's Elemental Accessories.
  7841 | D:6      | Found a glowing golden altar of the Shining One.
  8035 | D:7      | Reached XP level 10. HP: 45/63 MP: 13/20
  8684 | D:7      | Found a white marble altar of Elyvilon.
  8847 | D:7      | Learned a level 5 spell: Irradiate
  9489 | D:8      | Identified a scroll of acquirement
  9490 | D:8      | Acquired the ring of Hucuxt {Will+ rCorr}
  9687 | D:8      | Found a staircase to the Lair.
  9777 | D:8      | Reached skill level 9 in Conjurations
  9966 | D:8      | Found a basalt altar of Yredelemnul.
 10009 | D:8      | Reached skill level 1 in Transmutations
 10090 | D:8      | Found an iron altar of Okawaru.
 10091 | D:8      | Found a shadowy altar of Dithmenos.
 10115 | D:8      | Reached *** piety under Cheibriados
 10864 | D:9      | Reached **** piety under Cheibriados
 10966 | D:9      | Found a flagged portal.
 10976 | Bailey   | Entered a bailey
 11068 | Bailey   | Noticed Prince Ribbit
 11073 | Bailey   | Noticed a vault guard
 11080 | Bailey   | Killed Prince Ribbit
 11080 | Bailey   | Noticed a vault guard
 11081 | Bailey   | Reached XP level 11. HP: 39/70 MP: 9/23
 11104 | Bailey   | HP: 4/105 [vault guard/+0 broad axe (16)]
 11107 | Bailey   | Gained mutation: One of your tentacles bears a spike.
                  | [potion of mutation]
 11107 | Bailey   | Gained mutation: You are strong-willed. (Will+) [potion of
                  | mutation]
 11107 | Bailey   | Gained mutation: One of your tentacles bears a nasty spike.
                  | [potion of mutation]
 11107 | Bailey   | Slain by a vault guard

Illustrated notes

Levels and vault maps discovered:
D:1:      giann_bridges, layout_basic, shapermc_ecumenical_altar_rom_forum
D:2:      layout_basic, basic_altar, serial_shops, shop, shop_scrolls
D:3:      layout_rooms, mainiacjoe_overflow_small_starburst, zin_angel,
          serial_shops, nicolae_shop_overgrown_old_shop, uniq_robin,
          uniq_natasha
D:4:      layout_basic, mainiacjoe_overflow_concentric_impassable,
          minmay_temple_entry_junction_2, corexii_corridor_pit, uniq_duvessa,
          uniq_pikel, uniq_blork_the_orc, uniq_sigmund, uniq_grinder
D:5:      wander_river, layout_basic, uniq_edmund, uniq_eustachio
D:6:      layout_loops_corners, nicolae_tso_swordbearing_angel,
          eino_small_chamber_without_monster, nicolae_elemental_shop,
          kennysheep_generic_room_10
D:7:      layout_layer_cave, mainiacjoe_overflow_alcove_4
D:8:      layout_gridville, kennysheep_mini_moat, nicolae_overflow_squiral,
          lair_entry_dummy, minmay_fractal_squares_gapless_5
D:9:      layout_cave_pools, enter_bailey_3
Temple:   eino_narrow_crystal_temple
Bailey:   bailey_axe_froggy_fort_hellmonk, bailey

Skill      XL: |  1  2  3  4  5  6  7  8  9 10 |
---------------+-------------------------------+-----
Unarmed Combat | 1 2 3 4 |  4.6
Fighting       | 1 2 3 4 |  4.6
Stealth        | 3 4 |  4.5
Conjurations   | 5 6 7 8 9 |  9.8
Spellcasting   | 3 4 6 7 8 |  8.3
Dodging        | 3 4 |  4.7
Translocations | 1 2 3 |  3.8
Invocations    | 1 2 3 |  3.8
Hexes          | 2 |  2.3
Transmutations | 1 |  1.8

Action                   |  1- 3 |  4- 6 |  7- 9 | 10-12 || total
-------------------------+-------+-------+-------+-------++-------
Melee: Unarmed           |     6 |     1 |     9 |    27 ||    43
       Tentacles         |     3 |       |     3 |     2 ||     8
       Constrict         |       |       |     1 |     6 ||     7
 Cast: Magic Dart        |    54 |   113 |   110 |    56 ||   333
       Searing Ray       |     1 |    12 |    48 |    26 ||    87
       Fulminant Prism   |       |       |     6 |     8 ||    14
       Iskenderun's Myst |       |       |     3 |    24 ||    27
Invok: Slouch            |       |       |       |     1 ||     1
Evoke: Wand              |       |       |       |     2 ||     2
  Use: Potion            |     1 |       |       |    12 ||    13
       Scroll            |       |     1 |       |    12 ||    13
Armor: Skin              |     3 |     3 |    13 |    28 ||    47
Dodge: Dodged            |    11 |    11 |    21 |    47 ||    90

Table legend: (Time is in decaauts)
 A = Elapsed time spent in this place.
 B = Non-inter-level travel time spent in this place.
 C = Inter-level travel time spent in this place.
 D = Time resting spent in this place.
 E = Time spent auto-exploring this place.
 F = Levels seen in this place.
 G = Mean time per level.
                   A        B        C        D        E       F      G
               +--------+--------+--------+--------+--------+-----+--------+
         Total |  12866 |  12432 |    434 |   1058 |   9795 |  11 | 1169.6 |
       Dungeon |  12507 |  12089 |    418 |   1043 |   9599 |   9 | 1389.7 |
        Temple |    208 |    193 |     15 |      0 |    175 |   1 |  208.0 |
        Bailey |    151 |    151 |      0 |     15 |     21 |   1 |  151.0 |
               +--------+--------+--------+--------+--------+-----+--------+

Top non-repeatable levels by time:
     D:7: 2027 daAuts
     D:8: 1828 daAuts
     D:5: 1800 daAuts
     D:4: 1721 daAuts
     D:6: 1594 daAuts
     D:2: 1438 daAuts
     D:3: 1009 daAuts
     D:1: 944 daAuts
  Temple: 208 daAuts
  Bailey: 151 daAuts
     D:9: 143 daAuts
